 Dungeon Crawl Stone Soup version 0.29.1-15-g9cfb28693d (webtiles) character file.

Game seed: 5050092166193695389

10246 McKennaii the Geomancer (level 11, -1/74 HPs)
             Began as a Demigod Earth Elementalist on Feb 25, 2023.
             Slain by a boulder beetle (22 damage)
             ... on level 1 of the Lair of Beasts.
             The game lasted 00:14:47 (13179 turns).

McKennaii the Geomancer (DgEE)                     Turns: 13179, Time: 00:14:48

Health: -1/74      AC:  8    Str:  9    XL:     11   Next: 12%
Magic:  20/37      EV: 12    Int: 29    God:
Gold:   584        SH:  0    Dex: 14    Spells: 24/28 levels left

rFire   + . .      SeeInvis .   g - +2 dagger (speed)
rCold   . . .      Faith    .   (no shield)
rNeg    . . .      Spirit   .   N - +0 steam dragon scales
rPois   .          Reflect  .   s - +0 helmet
rElec   .          Harm     .   G - +0 cloak
rCorr   .          Rampage  .   m - +0 pair of gloves
Will    +....                   (no boots)
Stlth   ++........              L - amulet of regeneration
HPRegen 1.02/turn               O - ring of protection from fire
MPRegen 0.25/turn               K - ring of magical power

@: no status effects
A: high MP 1, forlorn, divine attributes
a: no special abilities


You were on level 1 of the Lair of Beasts.
You visited 2 branches of the dungeon, and saw 12 of its levels.
You also visited: Sewer.

You collected 584 gold pieces.

Inventory:

Hand Weapons
 g - a +2 dagger of speed (weapon)
 A - a +2 halberd
Missiles
 t - 3 throwing nets
Armour
 m - a +0 pair of gloves (worn)
 s - a +0 helmet (worn)
 G - a +0 cloak (worn)
 N - +0 steam dragon scales (worn)
 Q - a +2 kite shield
 T - the +3 ring mail "Hedo" {rF+ Dex+6}
   (You found it on level 1 of the Lair of Beasts)

   Dex:       It affects your dexterity (+6).
   rF:        It protects you from fire.
Jewellery
 q - a ring of positive energy
 E - a ring of fire
 J - a ring of ice
 K - a ring of magical power (right hand)
 L - an amulet of regeneration (around neck)
 O - a ring of protection from fire (left hand)
 S - a ring of flight
Wands
 n - a wand of roots (9)
 y - a wand of flame (28)
 H - a wand of paralysis (9)
 M - a wand of polymorph (5)
 P - a wand of mindburst (4)
Scrolls
 d - a scroll of vulnerability
 e - 2 scrolls of magic mapping
 i - 2 scrolls of blinking
 k - 6 scrolls of teleportation
 l - 2 scrolls of poison
 o - 3 scrolls of enchant weapon
 u - a scroll of brand weapon
 x - a scroll of silence
 z - 2 scrolls of enchant armour {unknown}
 D - 3 scrolls of noise {unknown}
 F - a scroll of summoning {unknown}
 R - a scroll of identify
Potions
 a - 2 potions of lignification
 b - 4 potions of magic
 c - 2 potions of ambrosia {unknown}
 f - 3 potions of heal wounds {unknown}
 h - 6 potions of curing
 j - 5 potions of mutation {unknown}
 p - 2 potions of degeneration {unknown}
 r - 3 potions of haste {unknown}
 v - 3 potions of might
 w - 5 potions of flight {unknown}
 B - 2 potions of resistance {unknown}
 C - a potion of berserk rage {unknown}
 I - a potion of brilliance {unknown}


   Skills:
 - Level 1.7 Dodging
 - Level 1.7 Stealth
 + Level 9.2 Spellcasting
 + Level 8.9 Conjurations
 - Level 0.8 Transmutations
 + Level 10.3 Earth Magic


You had 24 spell levels left.
You knew the following spells:

 Your Spells              Type           Power      Damage    Failure   Level
a - Sandblast             Erth           100%       2d20      1%          1
b - Stone Arrow           Conj/Erth      100%       3d13      1%          3

Your spell library contained the following spells:

 Spells                   Type           Power      Damage    Failure   Level
 Passwall                 Tmut/Erth      37%        N/A       1%          2
 Conjure Flame            Conj/Fire      39%        6-21      1%          3
 Iskenderun's Battlesphe  Conj           60%        2d11      3%          5
 Petrify                  Tmut/Erth      45%        N/A       4%          4
 Sticky Flame             Conj/Fire      39%        2d6       6%          4
 Ignite Poison            Fire/Tmut/Pois 15%        N/A       11%         3
 Ozocubu's Armour         Ice            13%        N/A       12%         3
 Iron Shot                Conj/Erth      31%        9d6       12%         6
 Anguish                  Hex/Necr       6%         N/A       38%         4
 Metabolic Englaciation   Hex/Ice        6%         N/A       75%         5
 Simulacrum               Ice/Necr       6%         N/A       99%         6
 Spellforged Servitor     Conj/Summ      19%        N/A       99%         7
 Enfeeble                 Hex            6%         N/A       100%        7


Dungeon Overview and Level Annotations

Branches:
Dungeon (11/15)            Temple (0/1) D:7            Lair (1/5) D:10
    Orc (0/2) D:9           Sewer (visited)

Shops:
D:5 ?

Annotations:
D:10 exclusion: orange crystal statue
Lair:1 1 transporter


Innate Abilities, Weirdness & Mutations

You have an increased reservoir of magic. (+10% MP)
You shall have no god before yourself.
Your divine heritage dramatically boosts your attributes as you level up.


Message History

The stone arrow hits the boulder beetle!!
The boulder beetle is heavily wounded.
The boulder beetle hits you!
The boulder beetle stops rolling and uncurls.
Casting: Stone Arrow (safe; 1% risk of failure)
Confirm with . or Enter, or press ? or * to list all spells.
Aiming: Stone Arrow (safe; 1% risk of failure)
Press: ? - help, Shift-Dir - straight line, f/p - boulder beetle
Aim: a boulder beetle (heavily wounded, 100% to hit)
The stone arrow hits the boulder beetle but does no damage.
The boulder beetle is heavily wounded.
The boulder beetle bites you!!
Unknown command.
Casting: Stone Arrow (safe; 1% risk of failure)
Confirm with . or Enter, or press ? or * to list all spells.
Aiming: Stone Arrow (safe; 1% risk of failure)
Press: ? - help, Shift-Dir - straight line, f/p - boulder beetle
Aim: a boulder beetle (heavily wounded, 100% to hit)
The stone arrow hits the boulder beetle but does no damage.
The boulder beetle is heavily wounded.
The boulder beetle bites you!!
* * * LOW HITPOINT WARNING * * *
Casting: Stone Arrow (safe; 1% risk of failure)
Confirm with . or Enter, or press ? or * to list all spells.
Aiming: Stone Arrow (safe; 1% risk of failure)
Press: ? - help, Shift-Dir - straight line, f/p - boulder beetle
Aim: a boulder beetle (heavily wounded, 100% to hit)
The stone arrow hits the boulder beetle!
The boulder beetle is severely wounded.
The boulder beetle barely misses you.
Unknown command.
Casting: Stone Arrow (safe; 1% risk of failure)
Confirm with . or Enter, or press ? or * to list all spells.
Aiming: Stone Arrow (safe; 1% risk of failure)
Press: ? - help, Shift-Dir - straight line, f/p - boulder beetle
Aim: a boulder beetle (severely wounded, 100% to hit)
The stone arrow hits the boulder beetle.
The boulder beetle is almost dead.
The boulder beetle bites you!!
You die...

.................#
.................#
.#.......###....#
#.......###....####
#....#####........#
#....# #....>...#
#....### ##.......#
#....#.####.......#
#....##.......@B..#
#.....#.#########.....
##.......##w#♣#w# ....
#.....####≈≈# ≈≈≈ ...
##....#[(#PP§PPPPP
#...©#©?+.^^^^^^©#
#....#=)#PPP§PPPP#
#....####≈≈≈#§≈§##
#.......# #


You could see a boulder beetle and a swamp worm.

Vanquished Creatures
  2 two-headed ogres (D:9)
  Joseph (D:7)
  A cane toad (Lair:1)
  4 trolls
  A hornet (D:10)
  7 blink frogs (Lair:1)
  A shadow (D:10)
  A wyvern (D:10)
  A wraith (D:9)
  A basilisk (Lair:1)
  2 steam dragons (D:8)
  2 vampire mosquitoes (D:10)
  2 acid dragons
  Duvessa (D:5)
  3 water moccasins
  The ghost of Heoruswealwe the Conjurer, an amateur DECj (D:4)
  3 orc warriors
  An ice beast (D:7)
  3 sky beasts
  3 ogres
  A centaur (D:10)
  A phantom (D:3)
  4 kobold brigands
  7 bullfrogs
  A gnoll sergeant (D:10)
  A necrophage (D:5)
  4 scorpions
  9 wights
  Dowan (D:5)
  9 killer bees (D:9)
  2 electric eels (D:10)
  A howler monkey (D:7)
  3 orc priests
  5 jellies
  A gnoll bouda (D:7)
  Crazy Yiuf (D:5)
  A hound (D:5)
  Jessica (D:2)
  3 iguanas
  7 orc wizards
  A bullfrog simulacrum (D:4)
  2 scorpion simulacra (D:4)
  9 adders
  23 gnolls
  2 river rats (Sewer)
  2 hound simulacra (D:4)
  A shadow imp (D:8)
  A white imp (D:4)
  4 ufetubi
  A worm (D:2)
  3 dart slugs
  18 orcs
  11 ball pythons
  9 bats
  7 endoplasms
  9 giant cockroaches
  9 goblins
  10 hobgoblins
  11 jackals
  14 kobolds
  8 quokkas
  4 frilled lizards
  5 rats
268 creatures vanquished.

Vanquished Creatures (others)
  19 plants
19 creatures vanquished.

Grand Total: 287 creatures vanquished

Notes
Turn   | Place    | Note
-------+----------+-------------------------------------------
     0 | D:1      | McKennaii the Demigod Earth Elementalist began the quest
                  | for the Orb.
     0 | D:1      | Reached XP level 1. HP: 14/14 MP: 5/5
   405 | D:1      | Reached skill level 3 in Earth Magic
   439 | D:1      | Reached XP level 2. HP: 20/20 MP: 5/7
  1433 | D:2      | Reached XP level 3. HP: 13/26 MP: 1/9
  1865 | D:2      | Noticed Jessica
  1869 | D:2      | Killed Jessica
  2064 | D:2      | Reached XP level 4. HP: 27/33 MP: 7/11
  2574 | D:3      | Reached skill level 4 in Earth Magic
  2575 | D:3      | Found a glowing drain.
  2654 | Sewer    | Entered a sewer
  2687 | Sewer    | Noticed a kobold brigand
  2693 | Sewer    | Killed a kobold brigand
  2694 | Sewer    | Reached XP level 5. HP: 26/38 MP: 6/13
  3339 | Sewer    | Reached skill level 5 in Earth Magic
  3339 | Sewer    | Reached XP level 6. HP: 40/45 MP: 10/15
  3379 | Sewer    | Learned a level 3 spell: Stone Arrow
  4241 | D:3      | Reached skill level 1 in Conjurations
  4612 | D:4      | Found a runed translucent gate.
  4612 | D:4      | Found a runed translucent gate.
  4612 | D:4      | Found a runed translucent gate.
  4834 | D:4      | Reached XP level 7. HP: 50/50 MP: 14/17
  4866 | D:4      | You fall into a shaft and drop 3 floors!
  5143 | D:5      | Entered Level 5 of the Dungeon
  5189 | D:5      | Noticed Duvessa
  5190 | D:5      | Noticed Dowan
  5438 | D:5      | Found Yveroxt's Magic Scroll Shoppe.
  5562 | D:4      | Reached skill level 5 in Spellcasting
  5831 | D:4      | Noticed Heoruswealwe's ghost (amateur DECj)
  5960 | D:4      | Killed Heoruswealwe's ghost
  5961 | D:4      | Reached skill level 6 in Earth Magic
  6121 | D:5      | Killed Dowan
  6257 | D:5      | Reached XP level 8. HP: 57/57 MP: 16/19
  6373 | D:5      | Found a runed translucent door.
  6374 | D:5      | Noticed Crazy Yiuf
  6530 | D:5      | Killed Duvessa
  6957 | D:5      | Killed Crazy Yiuf
  7414 | D:6      | Reached skill level 7 in Earth Magic
  8125 | D:7      | Reached skill level 5 in Conjurations
  8174 | D:7      | Noticed Joseph
  8177 | D:7      | Found a staircase to the Ecumenical Temple.
  8217 | D:7      | Killed Joseph
  8218 | D:7      | Reached XP level 9. HP: 37/62 MP: 3/22
  9197 | D:8      | Reached skill level 8 in Earth Magic
 10145 | D:9      | Noticed a two-headed ogre
 10150 | D:9      | Killed a two-headed ogre
 10169 | D:9      | Noticed a two-headed ogre
 10243 | D:9      | Reached XP level 10. HP: 37/69 MP: 23/26
 10339 | D:9      | Found a staircase to the Orcish Mines.
 10392 | D:9      | Killed a two-headed ogre
 10393 | D:9      | Reached skill level 9 in Earth Magic
 11314 | D:10     | Entered Level 10 of the Dungeon
 11477 | D:10     | Found a staircase to the Lair.
 12464 | D:10     | Noticed an orange crystal statue
 12475 | D:10     | Reached skill level 10 in Earth Magic
 12724 | Lair:1   | Entered Level 1 of the Lair of Beasts
 12724 | Lair:1   | Found a transporter.
 12750 | Lair:1   | Identified the +3 ring mail "Hedo" {rF+ Dex+6}
 12955 | Lair:1   | Reached XP level 11. HP: 60/74 MP: 28/28
 13171 | Lair:1   | Noticed a boulder beetle
 13179 | Lair:1   | Slain by a boulder beetle

Illustrated notes

Levels and vault maps discovered:
D:1:      dpeg_arrival_boxes_within_box, layout_basic,
          dreamdust_ecumenical_altar_hidden_monk_grotto,
          hangedman_abyss_or_decor_stabs
D:2:      layout_loops_ring, basic_altar, uniq_jessica
D:3:      kennysheep_big_flooded_room, layout_basic, gup_sewer_entry_pipe
D:4:      layout_cave_pools, gammafunk_ghost_icy
D:5:      layout_loops_ring, serial_shops, nicolae_diamond_shop,
          uniq_crazy_yiuf_cottage, uniq_duvessa
D:6:      layout_loops_ring
D:7:      layout_loops_ring, minmay_temple_entry_arrows, uniq_joseph
D:8:      layout_loops_corners, nicolae_gozag_seed_capital,
          nicolae_kite_square_tiling_tiny
D:9:      layout_stronghold, david_orc_2, jiyva_altar_1
D:10:     statuecave_lemuel, layout_irregular_city, lair_entry_dummy,
          chequers_serial_rivers_small_3
D:11:     layout_basic, serial_corexii_hall, corexii_hall_statues_s,
          corexii_hall_statues_i, chequers_hall_statues_wall_a,
          corexii_hall_statues_i
Lair:1:   gammafunk_worm_tunnel, layout_cellular_growth,
          infiniplex_staircase_pool_2

Skill      XL: |  1  2  3  4  5  6  7  8  9 10 |
---------------+-------------------------------+-----
Spellcasting   | 2 3 4 5 6 7 9 |  9.2
Earth Magic    | 3 4 5 6 7 8 10 | 10.3
Conjurations   | 1 3 5 7 8 |  8.9
Dodging        | |  1.7
Stealth        | |  1.7
Transmutations | |  0.8

Action                   |  1- 3 |  4- 6 |  7- 9 | 10-12 || total
-------------------------+-------+-------+-------+-------++-------
Melee: Unarmed           |     5 |       |       |       ||     5
       Dagger            |     5 |     1 |       |    16 ||    22
 Cast: Sandblast         |    55 |   113 |   127 |   101 ||   396
       Stone Arrow       |       |       |    42 |    52 ||    94
Evoke: Wand              |       |       |     3 |       ||     3
  Use: Scroll            |       |       |     4 |     6 ||    10
       Potion            |       |       |     1 |       ||     1
 Stab: Sleeping          |     1 |       |       |       ||     1
Armor: Robe              |    10 |    16 |     7 |       ||    33
       Steam dragon scal |       |       |     4 |    39 ||    43
Dodge: Dodged            |    33 |    40 |    32 |    71 ||   176
